General information
			
			
        
        - name: BNet
 
        - type: Ladder team game (AT/RT)
 
        - host: Battle.net
 
        - saver: TIMG4STRok
 
        
map: RiverOfSouls 
        - players: 6
 
        - length: 24:31
 
        - speed: Fast
 - version: 1.22 W3XP
 - replay type:  

 
» download(249 KB)
Players
        team 1 (winner) 
              
              
bLinn (
red | 134 APM | 3285 actions | 24:31)
              
 9 Tauren Chieftain 
 3 Endurance Aura
 3 War Stomp
 2 Reincarnation
 1 Shockwave
 
                » actions 
                
                | Assign group hotkey | 175 |  | 
| Basic commands | 14 |  | 
| Build / train | 134 |  | 
| Enter build submenu | 16 |  | 
| Enter hero's abilities submenu | 9 |  | 
| Give item / drop item | 1 |  | 
| Remove unit from queue | 7 |  | 
| Right click | 1683 |  | 
| Select / deselect | 462 |  | 
| Select group hotkey | 691 |  | 
| Use ability | 93 |  | 
                3285 total
 » units 
                
                | Peon | 9 |  | 
| Troll Headhunter/Berserker | 35 |  | 
| Troll Witch Doctor | 7 |  | 
| Shaman | 8 |  | 
                59 total
 » upgrades
                
                | Ranged Weapons | 3 |  | 
| Troll Regeneration | 1 |  | 
| Armor | 3 |  | 
| Berserker Upgrade | 1 |  | 
| Witch Doctor Training | 2 |  | 
| Shaman Training | 2 |  | 
                12 total
 » buildings
                
                | Altar of Storms | 1 |  | 
| Orc Burrow | 6 |  | 
| Barracks | 2 |  | 
| War Mill | 1 |  | 
| Stronghold | 4 |  | 
| Voodoo Lounge | 1 |  | 
| Fortress | 2 |  | 
| Spirit Lodge | 2 |  | 
                19 total
 » build order
                00:02 Altar of Storms
00:10 Orc Burrow
00:39 Barracks
01:27 Orc Burrow
01:33 War Mill
02:16 Barracks
03:18 Stronghold
03:18 Stronghold
03:18 Stronghold
04:14 Orc Burrow
04:18 Voodoo Lounge
06:42 Fortress
06:43 Fortress
06:48 Orc Burrow
08:37 Spirit Lodge
10:05 Spirit Lodge
21:43 Orc Burrow
21:44 Orc Burrow
» items
                
                | Dust of Appearance | 1 |  | 
| Healing Salve | 5 |  | 
| Lesser Clarity Potion | 3 |  | 
| Scroll of Speed | 1 |  | 
| Potion of Mana | 2 |  | 
| Scroll of Town Portal | 1 |  | 
                13 total
  
               
              
              
» 
BRAUMS (
green | 122 APM | 2996 actions | 24:31)
              
 7 Keeper of the Grove 
 3 Entangling Roots
 3 Thorns Aura
 1 Tranquility
 
                » actions 
                
                | Assign group hotkey | 39 |  | 
| Basic commands | 216 |  | 
| Build / train | 70 |  | 
| Enter build submenu | 13 |  | 
| Enter hero's abilities submenu | 8 |  | 
| Right click | 1319 |  | 
| Select / deselect | 654 |  | 
| Select group hotkey | 628 |  | 
| Use ability | 49 |  | 
                2996 total
 » units 
                
                | Wisp | 13 |  | 
| Huntress | 6 |  | 
| Archer | 15 |  | 
| Hippogryph | 13 |  | 
                47 total
 » upgrades
                
                | Strength of the Moon | 3 |  | 
| Improved Bows | 1 |  | 
| Hippogryph Taming | 1 |  | 
| Marksmanship | 1 |  | 
| Moon Armor | 1 |  | 
                7 total
 » buildings
                
                | Altar of Elders | 1 |  | 
| Moon Well | 5 |  | 
| Hunter's Hall | 1 |  | 
| Ancient of War | 2 |  | 
| Tree of Ages | 2 |  | 
| Ancient of Wind | 2 |  | 
| Tree of Eternity | 1 |  | 
| Ancient of Wonders | 1 |  | 
                15 total
 » build order
                00:05 Altar of Elders
00:07 Moon Well
01:25 Hunter's Hall
01:48 Ancient of War
02:10 Ancient of War
02:20 Moon Well
03:23 Moon Well
05:58 Tree of Ages
05:58 Tree of Ages
06:22 Moon Well
08:32 Ancient of Wind
08:34 Ancient of Wind
10:02 Moon Well
10:03 Tree of Eternity
11:39 Ancient of Wonders
» items
                 
               
              
              
» 
TIMG4STRok (
teal | 138 APM | 3390 actions | 24:31)
              
 7 Priestess of the Moon 
 3 Trueshot Aura
 1 Scout
 1 Searing Arrows
 2 Starfall
 
                » actions 
                
                | Assign group hotkey | 30 |  | 
| Basic commands | 156 |  | 
| Build / train | 66 |  | 
| Enter build submenu | 12 |  | 
| Enter hero's abilities submenu | 7 |  | 
| Right click | 1644 |  | 
| Select / deselect | 348 |  | 
| Select group hotkey | 1080 |  | 
| Use ability | 47 |  | 
                3390 total
 » units 
                
                | Wisp | 9 |  | 
| Huntress | 14 |  | 
| Dryad | 10 |  | 
| Druid of the Claw | 6 |  | 
                39 total
 » upgrades
                
                | Strength of the Moon | 1 |  | 
| Moon Armor | 1 |  | 
| Abolish Magic | 1 |  | 
| Druid of the Claw Training | 2 |  | 
| Mark of the Claw | 1 |  | 
| Reinforced Hides | 2 |  | 
| Well Spring | 1 |  | 
| Hardened Skin | 1 |  | 
                10 total
 » buildings
                
                | Altar of Elders | 1 |  | 
| Moon Well | 5 |  | 
| Hunter's Hall | 1 |  | 
| Ancient of War | 2 |  | 
| Tree of Ages | 1 |  | 
| Ancient of Lore | 2 |  | 
| Ancient of Wonders | 1 |  | 
| Tree of Eternity | 1 |  | 
                14 total
 » build order
                00:05 Altar of Elders
00:22 Moon Well
01:23 Hunter's Hall
01:46 Ancient of War
02:04 Ancient of War
02:19 Moon Well
03:35 Moon Well
04:31 Moon Well
07:43 Tree of Ages
08:39 Moon Well
10:10 Ancient of Lore
10:11 Ancient of Lore
12:29 Ancient of Wonders
15:14 Tree of Eternity
» items
                
                | Scroll of Town Portal | 3 |  | 
| Boots of Speed | 1 |  | 
| Potion of Healing | 1 |  | 
                5 total
  
               team 2 (loser) 
              
              
LaEvaTeiNn) (
blue | 107 APM | 2619 actions | 24:24)
              
 6 Tauren Chieftain 
 2 Endurance Aura
 3 War Stomp
 1 Reincarnation
 
                » actions 
                
                | Assign group hotkey | 41 |  | 
| Basic commands | 249 |  | 
| Build / train | 94 |  | 
| ESC pressed | 3 |  | 
| Enter build submenu | 17 |  | 
| Enter hero's abilities submenu | 6 |  | 
| Give item / drop item | 2 |  | 
| Right click | 800 |  | 
| Select / deselect | 435 |  | 
| Select group hotkey | 869 |  | 
| Use ability | 103 |  | 
                2619 total
 » units 
                
                | Peon | 15 |  | 
| Troll Headhunter/Berserker | 20 |  | 
| Demolisher | 2 |  | 
| Shaman | 7 |  | 
| Troll Witch Doctor | 7 |  | 
                51 total
 » upgrades
                
                | Ranged Weapons | 2 |  | 
| Armor | 2 |  | 
| Troll Regeneration | 1 |  | 
| Shaman Training | 2 |  | 
| Berserker Upgrade | 1 |  | 
| Reinforced Defenses | 1 |  | 
| Burning Oil | 1 |  | 
| Witch Doctor Training | 2 |  | 
                12 total
 » buildings
                
                | Altar of Storms | 2 |  | 
| Orc Burrow | 6 |  | 
| War Mill | 1 |  | 
| Barracks | 2 |  | 
| Voodoo Lounge | 1 |  | 
| Watch Tower | 2 |  | 
| Stronghold | 2 |  | 
| Fortress | 2 |  | 
| Spirit Lodge | 2 |  | 
                20 total
 » build order
                00:05 Altar of Storms
00:08 Altar of Storms
00:21 Orc Burrow
00:38 War Mill
01:37 Barracks
01:41 Barracks
02:02 Orc Burrow
02:15 Voodoo Lounge
04:05 Orc Burrow
04:26 Watch Tower
05:06 Watch Tower
06:13 Stronghold
06:14 Stronghold
06:27 Orc Burrow
08:37 Fortress
08:37 Fortress
08:41 Spirit Lodge
09:08 Spirit Lodge
09:11 Orc Burrow
12:43 Orc Burrow
» items
                
                | Healing Salve | 3 |  | 
| Scroll of Town Portal | 4 |  | 
| Lesser Clarity Potion | 2 |  | 
| Potion of Lesser Invulnerability | 1 |  | 
| Scroll of Speed | 1 |  | 
| Orb of Lightning | 3 |  | 
                14 total
  
               
              
              
Phenom) (
yellow | 112 APM | 2735 actions | 24:30)
              
 4 Death Knight 
 2 Death Coil
 1 Unholy Aura
 1 Death Pact
 4 Lich 
 2 Frost Nova
 2 Frost Armor
 2 Crypt Lord 
 1 Impale
 1 Spiked Carapace
 
                » actions 
                
                | Assign group hotkey | 38 |  | 
| Basic commands | 338 |  | 
| Build / train | 68 |  | 
| Enter build submenu | 15 |  | 
| Enter hero's abilities submenu | 10 |  | 
| Give item / drop item | 6 |  | 
| Remove unit from queue | 2 |  | 
| Right click | 1207 |  | 
| Select / deselect | 348 |  | 
| Select group hotkey | 625 |  | 
| Use ability | 78 |  | 
                2735 total
 » units 
                
                | Acolyte | 2 |  | 
| Ghoul | 2 |  | 
| Crypt Fiend | 13 |  | 
| Frost Wyrm | 5 |  | 
                22 total
 » upgrades
                
                | Creature Attack | 2 |  | 
| Burrow | 1 |  | 
| Web | 1 |  | 
| Freezing Breath | 1 |  | 
| Creature Carapace | 1 |  | 
                6 total
 » buildings
                
                | Graveyard | 1 |  | 
| Crypt | 1 |  | 
| Altar of Darkness | 1 |  | 
| Ziggurat | 6 |  | 
| Tomb of Relics | 1 |  | 
| Nerubian Tower | 1 |  | 
| Halls of the Dead | 1 |  | 
| Spirit Tower | 1 |  | 
| Black Citadel | 1 |  | 
| Sacrificial Pit | 1 |  | 
| Boneyard | 2 |  | 
                17 total
 » build order
                00:16 Graveyard
00:22 Crypt
00:38 Altar of Darkness
00:51 Ziggurat
01:22 Tomb of Relics
02:00 Ziggurat
02:24 Nerubian Tower
04:24 Halls of the Dead
04:38 Ziggurat
05:44 Ziggurat
06:13 Spirit Tower
07:28 Black Citadel
08:24 Sacrificial Pit
08:53 Ziggurat
11:51 Boneyard
12:09 Boneyard
21:44 Ziggurat
» items
                
                | Rod of Necromancy | 3 |  | 
| Dust of Appearance | 1 |  | 
| Potion of Mana | 3 |  | 
| Scroll of Town Portal | 5 |  | 
| Lesser Clarity Potion | 6 |  | 
| Healing Salve | 1 |  | 
| Potion of Healing | 2 |  | 
                21 total
  
               
              
              
sR5Mweis- (
purple | 134 APM | 3288 actions | 24:30)
              
 4 Priestess of the Moon 
 2 Searing Arrows
 2 Trueshot Aura
 
                » actions 
                
                | Assign group hotkey | 65 |  | 
| Basic commands | 37 |  | 
| Build / train | 74 |  | 
| Enter build submenu | 16 |  | 
| Enter hero's abilities submenu | 4 |  | 
| Right click | 1649 |  | 
| Select / deselect | 593 |  | 
| Select group hotkey | 778 |  | 
| Use ability | 72 |  | 
                3288 total
 » units 
                » upgrades
                
                | Strength of the Moon | 1 |  | 
| Moon Armor | 1 |  | 
                2 total
 » buildings
                
                | Moon Well | 6 |  | 
| Altar of Elders | 1 |  | 
| Hunter's Hall | 1 |  | 
| Ancient of War | 3 |  | 
                11 total
 » build order
                00:20 Moon Well
00:33 Altar of Elders
01:37 Hunter's Hall
02:00 Ancient of War
02:04 Ancient of War
02:21 Moon Well
03:15 Moon Well
04:13 Moon Well
04:44 Moon Well
05:58 Moon Well
18:53 Ancient of War
» items
                
                | Circlet of Nobility | 1 |  | 
| Dust of Appearance | 3 |  | 
| Scroll of Town Portal | 2 |  | 
| Scroll of Protection | 2 |  | 
                8 total
  
                Chat log
          (00:14 / All) BRAUMS: what races were u guys
(00:27 / Allies) TIMG4STRok: ~random thoughts~
(00:28 / All) BRAUMS: hello?
(00:30 / All) BRAUMS: what races?
(00:35 / All) TIMG4STRok: gg gl hf manner game
(00:40 / All) BRAUMS: yo im fucking serious
(00:43 / All) bLinn: *smily shy*
(00:44 / All) BRAUMS: what the fuck races were u
(00:47 / Allies) TIMG4STRok: hh/hunt/hunt
(00:51 / All) sR5Mweis-: go ask your mom
(00:53 / All) BRAUMS: Im fucking serious
(00:57 / All) BRAUMS: fuck u
(00:57 / All) BRAUMS: dude
(00:59 / All) BRAUMS: what races
(01:00 / All) sR5Mweis-: fuck u too
(01:02 / Allies) TIMG4STRok: talons what hero you giggity
(01:02 / All) BRAUMS: what races
(01:03 / All) TIMG4STRok: manner please
(01:07 / Allies) BRAUMS: kotg
(01:08 / All) TIMG4STRok: brb pizza
(01:09 / All) TIMG4STRok: 1 sec
(01:10 / All) BRAUMS: Plz
(01:10 / All) TIMG4STRok: please
(01:12 / All) BRAUMS: hes gotta pay
(01:14 / All) BRAUMS: se
(01:21 / All) BRAUMS: Wow assholes
(01:21 / All) sR5Mweis-: do i care?
(01:25 / All) sR5Mweis-: newb
(01:29 / All) TIMG4STRok: why do nerds get so angerey
(01:30 / All) sR5Mweis-: plus S
(01:53 / All) BRAUMS: u ever heard
(01:57 / All) BRAUMS: bad boy for life 
(02:32 / Allies) TIMG4STRok: patrick swavey
(02:45 / Allies) TIMG4STRok: S.Wavey
(04:54 / Allies) TIMG4STRok: BABY BLINN BLOWS BADLY
(05:04 / All) BRAUMS: Nice
(06:31 / All) LaEvaTeiNn): dude thats not nice
(08:21 / All) BRAUMS: u blew it
(09:50 / All) BRAUMS: leave
(10:13 / All) BRAUMS: u lost
(10:17 / All) BRAUMS: christ
(13:16 / All) sR5Mweis-: leave plz
(14:37 / All) sR5Mweis-: dumb ass
(14:44 / All) LaEvaTeiNn): gg nublets
(14:51 / All) TIMG4STRok: thanks for playing
(14:52 / All) BRAUMS: who the fuck says nublet
(15:00 / All) LaEvaTeiNn): me u nub shit
(15:06 / All) BRAUMS: are u like 15
(15:11 / All) LaEvaTeiNn): wrong im 7
(15:13 / All) LaEvaTeiNn): what r u 70?
(15:15 / All) Phenom): im 5
(15:17 / All) LaEvaTeiNn): fucking useless old geek
(15:20 / All) sR5Mweis-: im 3
(15:42 / All) sR5Mweis-: btw elf don't need tech useless in 3s
(15:45 / All) sR5Mweis-: and learn
(16:03 / All) TIMG4STRok: nice ud
(16:05 / All) BRAUMS: rofl
(16:17 / All) BRAUMS: terrible
(16:59 / All) BRAUMS: dam looks like u needed to tech
(17:54 / All) sR5Mweis-: KOTg
(24:07 / All) BRAUMS: rofl
(24:17 / All) BRAUMS: roflmao
(24:21 / All) BRAUMS: Jesus